 Dungeon Crawl Stone Soup version 0.22-a0-224-g8cf3520474 (webtiles) character file.

88 Fuhrer the Covered (level 4, -1/42 HPs)
             Began as a Deep Dwarf Fighter on Feb 19, 2018.
             Slain by Sigmund
             ... wielding a +0 scythe
              (9 damage)
             ... on level 3 of the Dungeon.
             The game lasted 00:06:29 (1861 turns).

Fuhrer the Covered (Deep Dwarf Fighter)             Turns: 1861, Time: 00:06:30

Health: -1/42      AC:  7    Str: 19    XL:     4   Next: 30%
Magic:  4/4        EV:  8    Int: 10    God:
Gold:   133        SH:  9    Dex: 12    Spells: 3/3 levels left

rFire    . . .     SeeInvis .   a - +0 war axe
rCold    . . .     Gourm    .   c - +0 shield
rNeg     . . .     Faith    .   q - +0 ring mail (curse)
rPois    +         Spirit   .   r - +0 helmet
rElec    .         Reflect  .   (no cloak)
rCorr    .         Harm     .   (no gloves)
MR       .....                  (no boots)
Stlth    +.........             (no amulet)
HPRegen  0.00/turn              k - ring of poison resistance
MPRegen  0.09/turn              (no ring)

@: non-regenerating
A: damage resistance, heal wounds, sense surroundings 1, no regeneration
a: Heal Wounds


You were on level 3 of the Dungeon.
You were hungry.

You visited 1 branch of the dungeon, and saw 3 of its levels.

You collected 133 gold pieces.

Inventory:

Hand Weapons
 a - a +0 war axe (weapon)
Missiles
 j - 53 stones (quivered)
Armour
 b - a +0 scale mail
 c - a +0 shield (worn)
 q - a cursed +0 ring mail (worn)
 r - a +0 helmet (worn)
Jewellery
 k - a ring of poison resistance (left hand)
Wands
 u - a wand of iceblast (8)
Scrolls
 e - 2 scrolls of magic mapping {unknown}
 i - 4 scrolls of identify {unknown}
 l - a scroll of enchant weapon {unknown}
 m - 2 scrolls of enchant armour {unknown}
 s - a scroll of remove curse {unknown}
 x - a scroll of teleportation {unknown}
Potions
 d - 2 potions of might
 g - 2 potions of mutation {unknown}
 h - 2 potions of ambrosia {unknown}
 n - a potion of haste {unknown}
 o - 4 potions of flight {unknown}
 p - a potion of curing {unknown}
 t - a potion of magic {unknown}
 w - 3 potions of agility {unknown}
Comestibles
 f - 7 rations
 v - 8 chunks of flesh


   Skills:
 + Level 3.3 Fighting
 + Level 3.1 Axes
 + Level 4.0 Armour
 + Level 4.0 Shields


You had 3 spell levels left.
You didn't know any spells.

Dungeon Overview and Level Annotations

Branches:
Dungeon (3/15)

Altars:
Hepliaklqana
Uskayaw

Annotations:
D:3 Sigmund


Innate Abilities, Weirdness & Mutations

You are resistant to damage.
You can heal yourself by infusing magical energy.
You passively map a small area around you.
You do not regenerate.


Message History

Something hits you but does no damage.
You miss something. Something hits you.
You bump into the rock wall.
Something hits you but does no damage.
You bump into the rock wall.
You feel less confused.
You closely miss something. Something hits you.
You miss something.
You hear some strange, mumbled words.
A puff of flame appears from out of thin air!
The puff of flame hits you!
* * * LOW HITPOINT WARNING * * *
You miss something. Something hits you but does no damage.
You miss something. You block something's attack.
You closely miss something.
You hear some strange, mumbled words.
Something tries to affect you, but you resist.
Something hits you but does no damage.
You miss something. Something hits you but does no damage.
You miss something. Something hits you!
You die...

....... *..#..#.
....#.. ...#..# *
####..#..#. ,
#######..†....#..
.........####....
#######{## . * ,
#@########. *,
#..........
#.######### * #.#
* #.####### ,
#........
#.####### * #÷# *
## ########.##


There were no monsters in sight!

Vanquished Creatures
  2 adders
  2 worms
  3 leopard geckos
  4 orcs (D:3)
  3 giant cockroaches
  3 goblins
  7 hobgoblins
  5 jackals
  A quokka (D:3)
  2 ball pythons
  10 bats
  3 frilled lizards
  6 kobolds
  8 rats
59 creatures vanquished.

Notes
Turn   | Place    | Note
-------+----------+-------------------------------------------
     0 | D:1      | Fuhrer the Deep Dwarf Fighter began the quest for the Orb.
     0 | D:1      | Reached XP level 1. HP: 20/20 MP: 1/1
   221 | D:1      | Reached XP level 2. HP: 27/27 MP: 2/2
  1043 | D:2      | Reached XP level 3. HP: 22/34 MP: 3/3
  1640 | D:3      | Found a hide-covered altar of Uskayaw.
  1662 | D:3      | Reached XP level 4. HP: 17/42 MP: 4/4
  1781 | D:3      | Found a hazy altar of Hepliaklqana.
  1835 | D:3      | Noticed Sigmund
  1861 | D:3      | Slain by Sigmund

Vault maps used:
D:1:      minmay_arrival_cross
D:3:      lemuel_coloured_pillars_altar, lemuel_round_altar,
          eat_drink_and_be_merry_uskayaw, minmay_misc_feat_diagonals,
          uniq_sigmund

Skill      XL: |  1  2  3  4 |
---------------+-------------+-----
Fighting       | 3 |  3.3
Axes           | 3 |  3.1
Armour         | 4 |  4.0
Shields        | 4 |  4.0

Action                   |  1- 3 |  4- 6 || total
-------------------------+-------+-------++-------
Melee: War axe           |   172 |    34 ||   206
Throw: Stone             |     8 |     3 ||    11
  Eat: Chunk             |     3 |       ||     3
Armor: Scale mail        |    44 |       ||    44
       Ring mail         |    19 |    15 ||    34
Dodge: Dodged            |    57 |     6 ||    63
Block: Shield            |    86 |    13 ||    99

Table legend:
 A = Spawn XP
 B = Non-spawn XP
 C = Spawn XP percentage of total XP
 D = Spawn monster count
 E = Non-spawn monster count
 F = Spawn count percentage of total count
 G = Total turns spent on level
                    A         B        C        D         E        F      G
               +---------+---------+-------+---------+---------+-------+---------
         Total |       0 |     127 |   0.0 |       0 |      59 |   0.0 |  1861
               +---------+---------+-------+---------+---------+-------+---------
           D:1 |       0 |      28 |   0.0 |       0 |      21 |   0.0 |   969
           D:2 |       0 |      46 |   0.0 |       0 |      19 |   0.0 |   534
           D:3 |       0 |      53 |   0.0 |       0 |      19 |   0.0 |   358
               +---------+---------+-------+---------+---------+-------+---------
